MLB
BALTIMORE ORIOLES @ CHICAGO WHITE SOX
09/25/2048
 
TOP OF THE 1ST
Baltimore Orioles batting - Pitching for Chicago White Sox : RHP Xenophon Valvis
Pitching: RHP Xenophon Valvis
Batting: RHB Saimei Kudo 0-0: Ball
1-0: Foul Ball, location: 2F
1-1: Ball
2-1: Foul Ball, location: 2F
2-2: Ball
3-2: Foul Ball, location: 2F
3-2: Ground out 6-3 (Groundball, 6, EV 87.5 MPH)
Batting: RHB Tenshou Takita 0-0: Ground out U3 (Groundball, 3, EV 85.6 MPH)
Batting: RHB Rudo Garciaparra 0-0: Ball
1-0: Ground out 5-3 (Groundball, 56S, EV 85.6 MPH)
Top of the 1st over - 0 runs, 0 hits, 0 errors, 0 left on base; Baltimore 0 - Chicago 0
BOTTOM OF THE 1ST
Chicago White Sox batting - Pitching for Baltimore Orioles : RHP Dave Reisinger
Pitching: RHP Dave Reisinger
Batting: SHB Alfie Bungledorf 0-0: SINGLE (Line Drive, 8LS, EV 108.1 MPH)
Batting: SHB Bartholomeu Chambino 0-0: Ball
1-0: Called Strike
1-1: Foul Ball, location: 2F
1-2: Fielders Choice at 2nd, 3-6 (Groundball, 3, EV 100.6 MPH)
Batting: RHB Joseph Disepolo 0-0: Ball
1-0: Ball
2-0: Fly out, F7 (Flyball, 7, EV 94.4 MPH)
Batting: SHB Gus Berry 0-0: Ball
1-0: Ball
2-0: SINGLE (Groundball, 4MD, EV 97.5 MPH) (infield hit)
Bartholomeu Chambino to second
Batting: RHB Dietmar Warmisch 0-0: Foul Ball, location: 2F
0-1: Ball
1-1: Foul Ball, location: 2F
1-2: Ball
2-2: SINGLE (Flyball, 6MD, EV 91.2 MPH)
Bartholomeu Chambino to third
Gus Berry to second
Runner from 3rd tries for Home, SAFE, throw by CF to home
Batting: RHB Dieter Knoops 0-0: Swinging Strike
0-1: Swinging Strike
0-2: Strikes out swinging
Bottom of the 1st over - 1 run, 3 hits, 0 errors, 2 left on base; Baltimore 0 - Chicago 1
TOP OF THE 2ND
Baltimore Orioles batting - Pitching for Chicago White Sox : RHP Xenophon Valvis
Batting: RHB Vince Jackson 0-0: Ball
1-0: SINGLE (Line Drive, 6D, EV 93.8 MPH)
Batting: LHB Brian Feher 0-0: Fielders Choice at 2nd, 1-6 (Groundball, 34S, EV 66.2 MPH)
Batting: SHB Robert Handy 0-0: Called Strike
0-1: Swinging Strike
0-2: Ball
Brian Feher steals 2nd base
1-2: Strikes out swinging
Batting: SHB Tony Prado 0-0: Ball
1-0: Foul Ball, location: 2F
1-1: Ball
2-1: Foul Ball, location: 2F
2-2: Ball
3-2: Fly out, F9 (Flyball, 89D, EV 90.0 MPH)
Top of the 2nd over - 0 runs, 1 hit, 0 errors, 1 left on base; Baltimore 0 - Chicago 1
BOTTOM OF THE 2ND
Chicago White Sox batting - Pitching for Baltimore Orioles : RHP Dave Reisinger
Batting: LHB Sidney Pedder 0-0: Swinging Strike
0-1: Called Strike
0-2: Foul Ball, location: 2F
0-2: Ball
1-2: Ball
2-2: Strikes out swinging
Batting: RHB Chris Cooper 0-0: Ground out 4-3 (Groundball, 4, EV 84.4 MPH)
Batting: RHB Brad Boals 0-0: Ball
1-0: Ball
2-0: Called Strike
2-1: Foul Ball, location: 2F
2-2: Foul Ball, location: 2F
2-2: Ball
3-2: Strikes out swinging
Bottom of the 2nd over - 0 runs, 0 hits, 0 errors, 0 left on base; Baltimore 0 - Chicago 1
TOP OF THE 3RD
Baltimore Orioles batting - Pitching for Chicago White Sox : RHP Xenophon Valvis
Batting: SHB Aldo Questi 0-0: Called Strike
0-1: Ball
1-1: Foul Ball, location: 2F
1-2: Strikes out looking
Batting: RHB Ernie Weathersbee 0-0: Called Strike
0-1: Foul Ball, location: 2F
0-2: Strikes out looking
Batting: RHB Saimei Kudo 0-0: Called Strike
0-1: Ball
1-1: Swinging Strike
1-2: Strikes out looking
Top of the 3rd over - 0 runs, 0 hits, 0 errors, 0 left on base; Baltimore 0 - Chicago 1
BOTTOM OF THE 3RD
Chicago White Sox batting - Pitching for Baltimore Orioles : RHP Dave Reisinger
Batting: SHB Alfie Bungledorf 0-0: Ball
1-0: Ground out 5-3 (Groundball, 56S, EV 75.6 MPH)
Batting: SHB Bartholomeu Chambino 0-0: Ball
1-0: Ball
2-0: Ball
3-0: Base on Balls
Batting: RHB Joseph Disepolo 0-0: Ball
Bartholomeu Chambino is caught stealing 2nd base 2-4
1-0: SINGLE (Line Drive, 4MD, EV 105.0 MPH)
Batting: SHB Gus Berry 0-0: SINGLE (Groundball, 13, EV 92.5 MPH) (infield hit)
Joseph Disepolo to second
Batting: RHB Dietmar Warmisch 0-0: Ball
1-0: SINGLE (Groundball, 4MD, EV 94.4 MPH)
Joseph Disepolo to third
Gus Berry to second
Runner from 3rd tries for Home, SAFE, throw by CF to home
Batting: RHB Dieter Knoops 0-0: Ball
1-0: Swinging Strike
1-1: Called Strike
1-2: SINGLE (Line Drive, 89M, EV 103.1 MPH)
Gus Berry to third
Dietmar Warmisch to second
Runner from 3rd tries for Home, SAFE, throw by RF to home
Batting: LHB Sidney Pedder 0-0: Foul Ball, location: 2F
0-1: Ball
1-1: Ground out 4-3 (Groundball, 4, EV 91.9 MPH)
Bottom of the 3rd over - 2 runs, 4 hits, 0 errors, 2 left on base; Baltimore 0 - Chicago 3
TOP OF THE 4TH
Baltimore Orioles batting - Pitching for Chicago White Sox : RHP Xenophon Valvis
Batting: RHB Tenshou Takita 0-0: Foul Ball, location: 2F
0-1: Ground out U3 (Groundball, 3L, EV 86.9 MPH)
Batting: RHB Rudo Garciaparra 0-0: Called Strike
0-1: DOUBLE (Line Drive, 89D, EV 105.6 MPH)
Batting: RHB Vince Jackson 0-0: Called Strike
0-1: Ground out 6-3 (Groundball, 6MD, EV 81.9 MPH)
Rudo Garciaparra to third
Batting: LHB Brian Feher 0-0: Ball
1-0: Called Strike
1-1: Ball
2-1: Foul Ball, location: 2F
2-2: Strikes out looking
Top of the 4th over - 0 runs, 1 hit, 0 errors, 1 left on base; Baltimore 0 - Chicago 3
BOTTOM OF THE 4TH
Chicago White Sox batting - Pitching for Baltimore Orioles : RHP Dave Reisinger
Batting: RHB Chris Cooper 0-0: Foul Ball, location: 2F
0-1: Ground out 4-3 (Groundball, 4S, EV 79.4 MPH)
Batting: RHB Brad Boals 0-0: Ball
1-0: SINGLE (Line Drive, 8LS, EV 93.8 MPH)
Batting: SHB Alfie Bungledorf 0-0: Ball
Brad Boals steals 2nd base
1-0: Swinging Strike
1-1: Ground out 6-3 (Groundball, 6, EV 85.0 MPH)
Brad Boals to third
Batting: SHB Bartholomeu Chambino 0-0: Ball
1-0: Foul Ball, location: 2F
1-1: Ball
2-1: SINGLE (Line Drive, 56, EV 94.4 MPH)
Brad Boals scores
Batting: RHB Joseph Disepolo 0-0: Ball
1-0: Ball
2-0: SINGLE (Line Drive, 6D, EV 98.8 MPH)
Bartholomeu Chambino to second
Runner from 2nd tries for 3rd, OUT! 8-5
Bottom of the 4th over - 1 run, 3 hits, 0 errors, 1 left on base; Baltimore 0 - Chicago 4
TOP OF THE 5TH
Baltimore Orioles batting - Pitching for Chicago White Sox : RHP Xenophon Valvis
Batting: SHB Robert Handy 0-0: Called Strike
0-1: Called Strike
0-2: Ball
1-2: Strikes out looking
Batting: SHB Tony Prado 0-0: Foul Ball, location: 2F
0-1: Foul Ball, location: 2F
0-2: Ball
1-2: Ball
2-2: Ground out U3 (Groundball, 34, EV 98.1 MPH)
Batting: SHB Aldo Questi 0-0: Ball
1-0: Ball
2-0: Foul Ball, location: 2F
2-1: Foul Ball, location: 2F
2-2: Fly out, F9 (Line Drive, 89S, EV 96.2 MPH)
Top of the 5th over - 0 runs, 0 hits, 0 errors, 0 left on base; Baltimore 0 - Chicago 4
BOTTOM OF THE 5TH
Chicago White Sox batting - Pitching for Baltimore Orioles : RHP Dave Reisinger
Batting: SHB Gus Berry 0-0: Called Strike
0-1: Foul Ball, location: 2F
0-2: Ball
1-2: Foul Ball, location: 2F
1-2: Foul Ball, location: 2F
1-2: Ball
2-2: Ground out U3 (Groundball, 3, EV 106.2 MPH)
Batting: RHB Dietmar Warmisch 0-0: DOUBLE (Line Drive, 89XD, EV 110.6 MPH) - OUT at third base trying to stretch hit.
Batting: RHB Dieter Knoops 0-0: Ball
1-0: Ball
2-0: Fly out, F7 (Flyball, 7, EV 86.9 MPH)
Bottom of the 5th over - 0 runs, 1 hit, 0 errors, 0 left on base; Baltimore 0 - Chicago 4
TOP OF THE 6TH
Baltimore Orioles batting - Pitching for Chicago White Sox : RHP Xenophon Valvis
Batting: RHB Ernie Weathersbee 0-0: Foul Ball, location: 2F
0-1: Ball
1-1: DOUBLE (Flyball, 8LXD, EV 96.9 MPH)
Batting: RHB Saimei Kudo 0-0: Called Strike
0-1: Swinging Strike
0-2: Strikes out swinging, 2-3 out at first.
Batting: RHB Tenshou Takita 0-0: Called Strike
0-1: Called Strike
0-2: Ball
1-2: Ground out U3 (Groundball, 13, EV 85.6 MPH)
Ernie Weathersbee to third
Batting: RHB Rudo Garciaparra 0-0: Foul Ball, location: 2F
0-1: Called Strike
0-2: Foul Ball, location: 2F
0-2: Ground out 5-3 (Groundball, 5, EV 93.8 MPH)
Top of the 6th over - 0 runs, 1 hit, 0 errors, 1 left on base; Baltimore 0 - Chicago 4
BOTTOM OF THE 6TH
Chicago White Sox batting - Pitching for Baltimore Orioles : RHP Dave Reisinger
Batting: LHB Sidney Pedder 0-0: Ball
1-0: Ball
2-0: Foul Ball, location: 2F
2-1: Foul Ball, location: 2F
2-2: Strikes out looking
Batting: RHB Chris Cooper 0-0: Ball
1-0: Foul Ball, location: 2F
1-1: Fly out, F8 (Line Drive, 8LD, EV 93.8 MPH)
Batting: RHB Brad Boals 0-0: Ball
1-0: Foul Ball, location: 2F
1-1: Ball
2-1: Foul Ball, location: 2F
2-2: Fly out, F7 (Flyball, 78M, EV 88.1 MPH)
Bottom of the 6th over - 0 runs, 0 hits, 0 errors, 0 left on base; Baltimore 0 - Chicago 4
TOP OF THE 7TH
Baltimore Orioles batting - Pitching for Chicago White Sox : RHP Xenophon Valvis
Batting: RHB Vince Jackson 0-0: Ground out 5-3 (Groundball, 56, EV 90.6 MPH)
Batting: LHB Brian Feher 0-0: Ball
1-0: Ball
2-0: SINGLE (Line Drive, 6D, EV 101.2 MPH)
Batting: SHB Robert Handy 0-0: Called Strike
Brian Feher steals 2nd base
0-1: Ground out 1-3 (Groundball, 13S, EV 72.5 MPH)
Brian Feher to third
Batting: SHB Tony Prado 0-0: Ball
1-0: Swinging Strike
1-1: Ball
2-1: SINGLE (Line Drive, 34D, EV 96.9 MPH)
Brian Feher scores
Batting: SHB Aldo Questi 0-0: Swinging Strike
0-1: Foul Ball, location: 2F
0-2: Ball
1-2: Strikes out swinging
Top of the 7th over - 1 run, 2 hits, 0 errors, 1 left on base; Baltimore 1 - Chicago 4
BOTTOM OF THE 7TH
Chicago White Sox batting - Pitching for Baltimore Orioles : RHP Dave Reisinger
Batting: SHB Alfie Bungledorf 0-0: Swinging Strike
0-1: Foul Ball, location: 2F
0-2: Ball
1-2: Foul Ball, location: 2F
1-2: Strikes out swinging
Batting: SHB Bartholomeu Chambino 0-0: Fly out, F7 (Flyball, 7, EV 95.0 MPH)
Batting: RHB Joseph Disepolo 0-0: Foul Ball, location: 2F
0-1: Ball
1-1: Ball
2-1: Called Strike
2-2: Ball
3-2: SINGLE (Groundball, 4MD, EV 96.2 MPH)
Pitching: RHP Hector Aguado
Batting: SHB Gus Berry 0-0: Called Strike
0-1: Ball
1-1: Ball
2-1: Fly out, F8 (Flyball, 8LM, EV 88.1 MPH)
Bottom of the 7th over - 0 runs, 1 hit, 0 errors, 1 left on base; Baltimore 1 - Chicago 4
TOP OF THE 8TH
Baltimore Orioles batting - Pitching for Chicago White Sox : RHP Xenophon Valvis
Batting: RHB Ernie Weathersbee 0-0: Called Strike
0-1: Called Strike
0-2: SINGLE (Groundball, 56S, EV 75.6 MPH) (infield hit)
Batting: RHB Saimei Kudo 0-0: Called Strike
0-1: Ball
1-1: Called Strike
1-2: Ball
2-2: Ball
3-2: 2-RUN HOME RUN (Flyball, 9D, EV 103.8 MPH), Distance : 384 ft
Batting: RHB Tenshou Takita 0-0: Called Strike
0-1: SINGLE (Line Drive, 78M, EV 91.9 MPH)
Batting: RHB Rudo Garciaparra 0-0: Ball
1-0: Foul Ball, location: 2F
1-1: SINGLE (Groundball, 6MD, EV 99.4 MPH)
Tenshou Takita to second
Batting: RHB Vince Jackson 0-0: Foul Ball, location: 2F
0-1: Grounds into double play, 5-4-3 (Groundball, 56, EV 80.0 MPH)
Tenshou Takita to third
Batting: LHB Brian Feher 0-0: Ground out 6-3 (Groundball, 6, EV 81.9 MPH)
Top of the 8th over - 2 runs, 4 hits, 0 errors, 1 left on base; Baltimore 3 - Chicago 4
BOTTOM OF THE 8TH
Chicago White Sox batting - Pitching for Baltimore Orioles : RHP Hector Aguado
Batting: RHB Dietmar Warmisch 0-0: Swinging Strike
0-1: Ball
1-1: Foul Ball, location: 2F
1-2: Ball
2-2: Strikes out swinging
Batting: RHB Dieter Knoops 0-0: Ball
1-0: Ball
2-0: Called Strike
2-1: Called Strike
2-2: Foul Ball, location: 2F
2-2: Ball
3-2: Ground out 5-3 (Groundball, 56S, EV 63.1 MPH)
Batting: LHB Sidney Pedder 0-0: Called Strike
0-1: Ball
1-1: Ground out 5-3 (Groundball, 56, EV 98.1 MPH)
Bottom of the 8th over - 0 runs, 0 hits, 0 errors, 0 left on base; Baltimore 3 - Chicago 4
TOP OF THE 9TH
Baltimore Orioles batting - Pitching for Chicago White Sox : RHP Xenophon Valvis
Pitching: RHP Jacob Taylor
Now in CF: Kikuo Sato
Now in RF: Gus Berry
Batting: SHB Robert Handy 0-0: Ball
1-0: Foul Ball, location: 2F
1-1: Ball
2-1: Fly out, F6 (Line Drive, 6D, EV 67.5 MPH)
Batting: SHB Tony Prado 0-0: Foul Ball, location: 2F
0-1: Foul Ball, location: 2F
0-2: Hit by Pitch
Batting: SHB Aldo Questi 0-0: Called Strike
0-1: Ball
1-1: Foul Ball, location: 2F
1-2: Foul Ball, location: 2F
1-2: Ball
2-2: SINGLE (Groundball, 6D, EV 106.2 MPH)
Tony Prado to second
Runner from 2nd tries for 3rd, SAFE, throw by LF made to third
Aldo Questi to second
Batting: RHB Ernie Weathersbee 0-0: Called Strike
0-1: Swinging Strike
0-2: Ball
1-2: Strikes out swinging
Batting: RHB Saimei Kudo 0-0: Intentional Walk
Pitching: LHP Rhett Beers
Batting: RHB Tenshou Takita 0-0: Called Strike
0-1: Called Strike
0-2: Strikes out swinging
Top of the 9th over - 0 runs, 1 hit, 0 errors, 3 left on base; Baltimore 3 - Chicago 4
Tuesday, March 28th , 2023 - OOTP Baseball 23.10 Build 110